 Dungeon Crawl Stone Soup version 0.32-a0-938-g40ac7a0f4d (webtiles) character file.

Game seed: 1868137878202015330

49 Autsider the Shooter (level 4, 0/35 HPs)
             Began as a Formicid Hunter on Apr 15, 2024.
             Slain by a gnoll
             ... wielding a +0 flail
              (12 damage)
             ... on level 2 of the Dungeon.
             The game lasted 00:02:26 (1371 turns).

Autsider the Shooter (Formicid Hunter)              Turns: 1371, Time: 00:02:27

Health: 0/35       AC:  3    Str: 21    XL:     4   Next: 1%
Magic:  4/4        EV: 11    Int:  9    God:
Gold:   25         SH:  0    Dex: 19    Spells: 3/3 levels left

rFire   . . .        a - +0 shortbow
rCold   . . .        (no shield)
rNeg    . . .        c - +0 leather armour
rPois   .            (helmet unavailable)
rElec   .            (no cloak)
rCorr   .            (no gloves)
SInv    +            (no boots)
Will    .....        k - amulet of regeneration
Stlth   ++           n - +6 ring of strength
HPRegen 1.05/turn    (no ring)
MPRegen 0.09/turn

%: no passive effects
@: no status effects
A: permanent stasis, dig shafts and tunnels, antennae 3, four strong arms
a: Dig, Shaft Self


You were on level 2 of the Dungeon.
You visited 1 branch of the dungeon, and saw 3 of its levels.

You collected 25 gold pieces.

Inventory:

Hand Weapons
 a - a +0 shortbow (weapon)
Armour
 c - a +0 leather armour (worn)
Jewellery
 k - an amulet of regeneration (around neck)
 n - a +6 ring of strength (left hand)
Scrolls
 b - a scroll of butterflies
 e - a scroll of fear {unknown}
 f - a scroll of enchant armour {unknown}
 g - a scroll of noise {unknown}
 h - 6 scrolls of identify {unknown}
 j - 5 scrolls of revelation {unknown}
 m - a scroll of teleportation {unknown}
 p - a scroll of amnesia {unknown}
Potions
 d - a potion of curing {unknown}
 i - a potion of heal wounds {unknown}
 l - 2 potions of might {unknown}
 o - a potion of lignification {unknown}


   Skills:
 + Level 3.1 Fighting
 * Level 4.9 Ranged Weapons
 - Level 1.7 Dodging
 - Level 1.2 Stealth


You had 3 spell levels left.
You didn't know any spells.
Your spell library contained the following spells:

 Spells                   Type           Power      Damage    Failure   Level
 Apportation              Tloc           0%         N/A       43%         1
 Jinxbite                 Hex            0%         N/A       56%         2
 Alistair's Intoxication  Alch           0%         N/A       100%        5


Dungeon Overview and Level Annotations

Branches:
Dungeon (3/15)

Altars:

Shops:
D:1 [

Annotations:
D:2 exclusion: downstairs
D:3 Robin


Innate Abilities, Weirdness & Mutations

You cannot be hasted, slowed, berserked, paralysed or teleported.
You can dig through walls and to a lower floor.
You have a pair of large antennae on your head. (SInv)
Your four strong arms can wield two-handed weapons with a shield.


Message History

There is a stone staircase leading down here.
You climb downwards.
Level annotation: Robin The gnoll shouts! x2
The gnoll hits you with a +0 flail! x2
* * * LOW HITPOINT WARNING * * *
Found a book of Conjurations.
There is a stone staircase leading up, spattered with blood here.
The giant cockroach bites you but does no damage.
The gnoll closely misses you. The gnoll hits you with a +0 flail.
* * * LOW HITPOINT WARNING * * *
The gnoll hits you with a +0 whip.
* * * LOW HITPOINT WARNING * * *
You climb upwards.
Level annotation: exclusion: downstairs
There is a stone staircase leading down here.
Fire: a) +0 shortbow
Press: ? - help, Shift-Dir - straight line, f - gnoll
Aim: a gnoll, wielding a +0 whip (68% to hit)
You shoot an arrow. The arrow hits the gnoll.
The gnoll is moderately wounded.
The giant cockroach closely misses you. The gnoll hits you with a +0 whip.
* * * LOW HITPOINT WARNING * * *
The gnoll misses you.
Fire: a) +0 shortbow
Press: ? - help, Shift-Dir - straight line, f/p - gnoll
Aim: a gnoll, wielding a +0 whip (moderately wounded, 68% to hit)
You shoot an arrow. The arrow barely misses the gnoll.
The giant cockroach bites you but does no damage.
The gnoll barely misses you. The gnoll closely misses you.
The giant cockroach closely misses you.
Fire: a) +0 shortbow
Press: ? - help, Shift-Dir - straight line, f/p - gnoll
Aim: a gnoll, wielding a +0 whip (moderately wounded, 68% to hit)
You shoot an arrow. The arrow hits the gnoll!
The gnoll is almost dead.
The gnoll hits you with a +0 whip!
* * * LOW HITPOINT WARNING * * *
The gnoll hits you with a +0 flail!
You die...

######............## #.#
##.#......#...###.#
#.##...#...#.....#
#.##.#####...###.#
#.#...#####.####.#
#..........#..##.#
###########.#...#####.#.##.#
.....)......##.######.#.##.######
##############gB@g....#..........
#(g##########....##. #..#
#.##.##. #[.# #.##.##. #..#
#.##.##. #######..# #.##.##.
#........# #.##.##. #.#####.##
#.##.... ########.## #.#####
#.####..


You could see 3 gnolls and a giant cockroach.

Vanquished Creatures
  A ribbon worm (D:2)
  5 bats
  5 endoplasms
  10 goblins
  5 hobgoblins
  5 quokkas
  3 ball pythons
  2 kobolds (D:1)
  2 rats (D:1)
38 creatures vanquished.

Notes
Turn   | Place    | Note
-------+----------+-------------------------------------------
     0 | D:1      | Autsider the Formicid Hunter began the quest for the Orb.
     0 | D:1      | Reached XP level 1. HP: 16/16 MP: 1/1
   171 | D:1      | Reached XP level 2. HP: 23/23 MP: 2/2
   335 | D:1      | Found Neaz's Antique Armour Shoppe.
   596 | D:1      | Reached XP level 3. HP: 24/28 MP: 3/3
  1093 | D:2      | Found a faded altar of an unknown god.
  1295 | D:3      | Noticed Robin
  1317 | D:2      | Reached XP level 4. HP: 14/35 MP: 4/4
  1371 | D:2      | Slain by a gnoll

Illustrated notes

Levels and vault maps discovered:
D:1:      minmay_arrival_arboretum_small, layout_loops_ring, serial_shops, shop
D:2:      layout_loops_ring, hellmonk_ecumenical_altar_leap_of_faith,
          hangedman_decor_peaks_small
D:3:      layout_loops_corners, serial_shops, nicolae_lakefront_shop,
          minmay_misc_feat_secret_circle, minmay_fractal_squares_gapless_5,
          uniq_crazy_yiuf_cottage, uniq_natasha, uniq_robin

Skill      XL: |  1  2  3 |
---------------+----------+-----
Fighting       | 3 |  3.1
Ranged Weapons | |  4.9
Dodging        | |  1.7
Stealth        | |  1.2

Action                     |  1- 3 |  4- 6 || total
---------------------------+-------+-------++-------
   Fire: Shortbow          |   109 |     3 ||   112
 Armour: Leather armour    |    40 |     9 ||    49
  Dodge: Dodged            |    42 |     6 ||    48

Table legend: (Time is in decaauts)
 A = Elapsed time spent in this place.
 B = Non-inter-level travel time spent in this place.
 C = Inter-level travel time spent in this place.
 D = Time resting spent in this place.
 E = Time spent auto-exploring this place.
 F = Levels seen in this place.
 G = Mean time per level.
                   A        B        C        D        E       F      G
               +--------+--------+--------+--------+--------+-----+--------+
         Total |   1395 |   1265 |    130 |     26 |   1011 |   3 |  465.0 |
       Dungeon |   1395 |   1265 |    130 |     26 |   1011 |   3 |  465.0 |
               +--------+--------+--------+--------+--------+-----+--------+

Top non-repeatable levels by time:
     D:2: 736 daAuts
     D:1: 648 daAuts
     D:3: 11 daAuts
